 Seeded DCSS version 0.32-a0-859-gb0a091d (webtiles) character file.

Game seed: 800197345211678527 (custom seed)

15903 lyrin the Brawler (level 12, -7/105 HPs)
             Began as a Troll Necromancer on Mar 27, 2024.
             Was a High Priest of Zin.
             Killed by divine providence
             ... invoked by a meliai
              (12 damage)
             ... on level 11 of the Dungeon.
             The game lasted 00:18:25 (9237 turns).

lyrin the Brawler (Troll Necromancer)               Turns: 9237, Time: 00:18:26

Health: -7/105     AC: 18    Str: 21    XL:     12   Next: 5%
Magic:  15/15      EV: 10    Int: 15    God:    Zin [*****.]
Gold:   747        SH:  0    Dex: 10    Spells: 12/13 levels left

rFire   + .          .
                       - Unarmed
rCold   + . .        o - orb {light}
rNeg    . . .        v - +2 robe {rC+ rF+}
rPois   .            B - +3 crown of Dyrovepreva {rElec Int+2 SInv}
rElec   +            y - +0 cloak
rCorr   .            (gloves unavailable)
SInv    +            (boots unavailable)
Will    .....        (no amulet)
Stlth   +            h - +4 ring of protection
HPRegen 1.17/turn    A - +4 ring of protection
MPRegen 0.14/turn

%: no passive effects
@: on recite cooldown, glowing
A: large, unfitting armour, claws 3, regeneration 1, shaggy fur 1, tough skin 1
a: Renounce Religion, Recite, Vitalisation, Imprison, Sanctuary, Donate Gold


You were on level 11 of the Dungeon.
You worshipped Zin.
Zin was extremely pleased with you.
You visited 2 branches of the dungeon, and saw 12 of its levels.
You also visited: Bailey.

You collected 829 gold pieces.
You donated 82 gold pieces to Zin.

Inventory:

Missiles
 r - 6 javelins
Armour
 o - an orb of light (worn)
 v - a +2 robe of resistance (worn)
 y - a +0 cloak (worn)
 B - the +3 crown of Dyrovepreva (worn) {rElec Int+2 SInv}
   (You found it on level 5 of the Dungeon)

   Int+2:     It affects your intelligence (+2).
   rElec:     It insulates you from electricity.
   SInv:      It lets you see invisible.
Jewellery
 h - a +4 ring of protection (left claw)
 A - a +4 ring of protection (right claw)
Wands
 c - a wand of charming (14)
 H - a wand of flame (13)
Scrolls
 a - 2 scrolls of enchant weapon
 d - 5 scrolls of blinking {unknown}
 e - a scroll of acquirement {unknown}
 j - 5 scrolls of vulnerability
 l - a scroll of brand weapon {unknown}
 n - 2 scrolls of noise
 p - 3 scrolls of enchant armour
 s - a scroll of silence {unknown}
 u - 2 scrolls of amnesia {unknown}
 x - 4 scrolls of fog
 C - 6 scrolls of teleportation
 F - a scroll of torment {unknown}
 G - a scroll of immolation {unknown}
Potions
 b - a potion of magic
 f - 3 potions of brilliance {unknown}
 g - a potion of lignification {unknown}
 i - a potion of attraction {unknown}
 k - a potion of haste {unknown}
 m - 2 potions of curing
 q - a potion of heal wounds
 t - a potion of degeneration {unknown}
 w - 2 potions of cancellation
 z - 2 potions of enlightenment {unknown}
 I - a potion of mutation


   Skills:
 + Level 3.0 Fighting
 + Level 5.6 Dodging
 - Level 1.4 Stealth
 * Level 16.7 Unarmed Combat
 - Level 1.2 Spellcasting
 - Level 3.2 Necromancy
 * Level 5.5 Invocations
 + Level 0.1 Evocations


You had 12 spell levels left.
You knew the following spells:

 Your Spells              Type           Power      Damage    Failure   Level
a - Necrotise             Necr           40%        1d6       6%          1

Your spell library contained the following spells:

 Spells                   Type           Power      Damage    Failure   Level
 Vampiric Draining        Necr           10%        2d6       19%         3
 Magic Dart               Conj           0%         1d3       24%         1
 Blink                    Tloc           0%         N/A       36%         2
 Call Imp                 Summ           0%         N/A       36%         2
 Animate Dead             Necr           10%        N/A       54%         4
 Dazzling Flash           Conj/Hex       0%         N/A       58%         3
 Inner Flame              Hex/Fire       0%         N/A       58%         3
 Curse of Agony           Necr           10%        N/A       87%         5
 Flame Wave               Conj/Fire      0%         2d4       94%         4
 Sticky Flame             Fire/Alch      0%         2d4       94%         4
 Summon Forest            Summ/Tloc      0%         N/A       100%        5
 Summon Mana Viper        Hex/Summ       0%         N/A       100%        5
 Starburst                Conj/Fire      0%         6d3       100%        6
 Summon Cactus Giant      Summ           0%         N/A       100%        6
 Maxwell's Capacitive Co  Air            0%         ∞         100%        8


Dungeon Overview and Level Annotations

Branches:
Dungeon (11/15)            Temple (1/1) D:5            Lair (0/5) D:10
    Orc (0/2) D:11         Bailey (visited)

Altars:
Ashenzari
Cheibriados
Dithmenos
Elyvilon
Fedhas
Gozag
Hepliaklqana
Kikubaaqudgha
Makhleb
Nemelex Xobeh
Okawaru
Qazlal
Ru
Sif Muna
Trog
Uskayaw
Vehumet
Wu Jian
Xom
Yredelemnul
Zin
The Shining One

Shops:
D:1 (   D:7 (   D:8 *

Annotations:
D:10 Snorg
D:11 3 runed translucent doors, PlayerGhostHater's ghost, novice VSAE; edsrzf's ghost, journeyman HONe


Innate Abilities, Weirdness & Mutations

You are too large for most types of armour.
You have claws for hands.
Your natural rate of healing is unusually fast.
You are covered in fur. (AC +1)
You have tough skin. (AC +1)


Message History

The meliai is confused by your recitation.
The meliai is struck blind by the wrath of Zin!
The meliai is blasted by the fury of Zin!
The meliai is severely wounded.
The meliai buzzes angrily.
You feel very sick. The meliai barely misses you. x2
The meliai calls upon its god to heal the meliai.
The meliai is healed somewhat.
The meliai invokes the aid of its god against you.
Something smites you!
* * * LOW HITPOINT WARNING * * *
You feel much better. "...protected from uncleanliness in all its forms, and..."
You feel very sick. The meliai hits you with a +0 war axe!
* * * LOW HITPOINT WARNING * * *
The meliai stings you but does no damage.
The meliai calls upon its god to heal the meliai.
The meliai's wounds heal themselves!
The meliai hits you with a +0 war axe!
* * * LOW HITPOINT WARNING * * *
The meliai barely misses you.
You feel better. "...preserved in their cleanliness for all the days to come."
You finish reciting Ablutions 21:13.
The meliai hits you but does no damage. The meliai stings you.
* * * LOW HITPOINT WARNING * * *
The meliai hits itself with a +0 war axe!!
The meliai stings itself!
The meliai is killed!
The meliai hits you with a +0 hand axe!
* * * LOW HITPOINT WARNING * * *
The meliai barely misses you.
Okay, then.
As you read the scroll of fear, it crumbles to dust.
You assume a fearsome visage.
The meliai looks frightened! x2
The yak looks frightened!
The meliai mumbles some strange prayers to its god against you.
Something smites you!
You die...

# ####.##... #####
#yY....... #....
#y##.#..Y. #.###
#@# # Y #.# # #.#
#.# # #.# #.# #
#.# #+# #.### #.#
#.# #.##. #.#
#.###.... #.#
###....>...
#.######..########
#......'.##?♣⌠♣#.+


You could see a yak (fleeing) and 2 meliai.

Vanquished Creatures
  Josephine (D:11)
  2 vault guards (Bailey)
  A boulder beetle (D:10)
  2 two-headed ogres (D:8)
  Pikel (D:9)
  A cyclops (D:11)
  A meliai (D:11)
  A gargoyle (D:11)
  3 trolls
  Prince Ribbit (Bailey)
  4 wraiths
  Sigmund (D:3)
  14 yaks
  8 humans (Bailey)
  3 steam dragons
  4 vampire mosquitoes (D:11)
  Edmund (D:4)
  An acid dragon (D:10)
  A water moccasin (D:6)
  2 sky beasts
  5 black bears
  An ice beast (D:7)
  3 orc warriors
  2 ogres
  4 centaurs
  A lemure (D:9)
  2 kobold brigands
  Blork the orc (D:4)
  17 bullfrogs
  4 scorpions
  2 gnoll sergeants
  2 wights
  13 killer bees
  A howler monkey (D:6)
  3 electric eels
  A bombardier beetle (D:3)
  3 hounds
  3 jellies
  6 orc priests
  6 iguanas
  6 orc wizards
  7 gnolls
  7 adders
  A shadow imp (D:7)
  5 white imps
  4 ufetubi
  2 ribbon worms
  38 orcs
  8 ball pythons
  6 endoplasms
  5 giant cockroaches
  13 goblins
  8 hobgoblins
  8 jackals
  16 kobolds
  2 quokkas
  5 bats
  5 frilled lizards
  8 rats
287 creatures vanquished.

Vanquished Creatures (others)
  A steam dragon (D:7)
1 creature vanquished.

Grand Total: 288 creatures vanquished

Notes
Turn   | Place    | Note
-------+----------+-------------------------------------------
     0 | D:1      | lyrin the Troll Necromancer began the quest for the Orb.
     0 | D:1      | Reached XP level 1. HP: 16/16 MP: 1/1
    70 | D:1      | Reached skill level 1 in Unarmed Combat
   141 | D:1      | Reached XP level 2. HP: 23/24 MP: 2/2
   245 | D:1      | Found a faded altar of an unknown god.
   390 | D:1      | Reached skill level 2 in Unarmed Combat
   465 | D:1      | Found Lidiahou's Antique Weapon Shop.
   594 | D:1      | Reached XP level 3. HP: 31/31 MP: 3/3
  1658 | D:3      | Noticed Sigmund
  1676 | D:3      | Reached skill level 3 in Unarmed Combat
  1676 | D:3      | Reached XP level 4. HP: 40/40 MP: 4/4
  1762 | D:3      | Noticed a scorpion
  1772 | D:3      | Killed a scorpion
  1773 | D:3      | Reached skill level 4 in Unarmed Combat
  1773 | D:3      | Reached XP level 5. HP: 41/46 MP: 5/5
  1793 | D:3      | Identified the +0 ring mail of Kigus {Harm Dex+4}
  1895 | D:3      | Killed Sigmund
  1896 | D:3      | Reached skill level 5 in Unarmed Combat
  1896 | D:3      | Reached XP level 6. HP: 50/54 MP: 6/6
  2407 | D:4      | Found a basalt altar of Yredelemnul.
  2443 | D:4      | Found a snail-covered altar of Cheibriados.
  2502 | D:4      | Noticed Edmund
  2520 | D:4      | Killed Edmund
  2521 | D:4      | Reached skill level 6 in Unarmed Combat
  2521 | D:4      | Reached XP level 7. HP: 55/61 MP: 7/7
  2628 | D:4      | Found a bloodstained altar of Trog.
  2634 | D:4      | Reached skill level 7 in Unarmed Combat
  2705 | D:4      | Found a radiant altar of Vehumet.
  2820 | D:4      | Noticed Blork the orc
  2825 | D:4      | Reached skill level 1 in Fighting
  2825 | D:4      | Reached skill level 8 in Unarmed Combat
  2830 | D:4      | Killed Blork the orc
  2831 | D:4      | Reached XP level 8. HP: 59/70 MP: 8/8
  2964 | D:4      | Found an opulent altar of Gozag.
  3085 | D:5      | Entered Level 5 of the Dungeon
  3118 | D:5      | Found a white marble altar of Elyvilon.
  3147 | D:5      | Found a staircase to the Ecumenical Temple.
  3172 | D:5      | Reached skill level 9 in Unarmed Combat
  3176 | D:5      | Found a hazy altar of Hepliaklqana.
  3199 | Temple   | Entered the Ecumenical Temple
  3207 | Temple   | Became a worshipper of Zin the Law-Giver
  3207 | Temple   | Reached * piety under Zin
  3331 | D:5      | Found a sparkling altar of Nemelex Xobeh.
  3444 | D:5      | Found the +3 crown of Dyrovepreva {rElec Int+2 SInv}
  3695 | D:6      | Reached skill level 10 in Unarmed Combat
  3707 | D:6      | Reached skill level 1 in Invocations
  3751 | D:6      | Reached ** piety under Zin
  3809 | D:6      | Reached XP level 9. HP: 76/76 MP: 9/9
  3924 | D:6      | Found a shimmering blue altar of Sif Muna.
  3924 | D:6      | Found an iron altar of Okawaru.
  4106 | D:6      | Found a shadowy altar of Dithmenos.
  4237 | D:7      | Reached skill level 11 in Unarmed Combat
  4293 | D:7      | Identified the +5 chain mail of the Hurricane {rCorr Int+3
                  | SInv}
  4779 | D:7      | Found an ornate altar of the Wu Jian Council.
  4851 | D:7      | Found Dulatual's Antique Weapon Boutique.
  5265 | D:8      | Reached skill level 12 in Unarmed Combat
  5275 | D:8      | Noticed a two-headed ogre
  5282 | D:8      | Killed a two-headed ogre
  5283 | D:8      | Reached XP level 10. HP: 40/87 MP: 11/11
  5434 | D:8      | Reached *** piety under Zin
  5495 | D:8      | Noticed a two-headed ogre
  5502 | D:8      | Killed a two-headed ogre
  5503 | D:8      | Reached skill level 13 in Unarmed Combat
  5932 | D:8      | Found Nurch's General Store.
  6282 | D:9      | Noticed a +0 dagger
  6283 | D:9      | Noticed a +0 spear
  6284 | D:9      | Noticed a +0 falchion
  6284 | D:9      | Noticed a +0 short sword
  6284 | D:9      | Noticed a +0 dagger
  6285 | D:9      | Noticed a +0 falchion
  6285 | D:9      | Noticed a +0 short sword
  6286 | D:9      | Noticed a +0 spear
  6297 | D:9      | Found a hide-covered altar of Uskayaw.
  6463 | D:9      | Reached **** piety under Zin
  6503 | D:9      | Noticed Pikel
  6520 | D:9      | Killed Pikel
  6521 | D:9      | Reached skill level 14 in Unarmed Combat
  6754 | D:9      | Found a burning altar of Makhleb.
  6806 | D:10     | Entered Level 10 of the Dungeon
  6806 | D:10     | Found a shimmering altar of Xom.
  6808 | D:10     | Noticed a boulder beetle
  6860 | D:10     | Reached XP level 11. HP: 85/94 MP: 13/13
  6958 | D:10     | Found a flagged portal.
  6968 | Bailey   | Entered a bailey
  6983 | Bailey   | Reached skill level 5 in Dodging
  7136 | Bailey   | Reached skill level 15 in Unarmed Combat
  7286 | Bailey   | Noticed a vault guard
  7293 | Bailey   | Killed a vault guard
  7415 | Bailey   | Noticed Prince Ribbit
  7415 | Bailey   | Noticed a vault guard
  7495 | Bailey   | Killed a vault guard
  7591 | Bailey   | Killed Prince Ribbit
  7798 | D:10     | Reached ***** piety under Zin
  7807 | D:10     | Found a staircase to the Lair.
  7912 | D:10     | Noticed Snorg
  8106 | D:10     | Killed a boulder beetle
  8107 | D:10     | Reached skill level 5 in Invocations
  8427 | D:10     | Reached skill level 16 in Unarmed Combat
  8613 | D:11     | Noticed Josephine
  8629 | D:11     | Killed Josephine
  9028 | D:11     | Found a runed translucent gate.
  9028 | D:11     | Found a runed translucent gate.
  9028 | D:11     | Found a runed translucent gate.
  9081 | D:11     | Reached XP level 12. HP: 66/104 MP: 15/15
  9123 | D:11     | Noticed edsrzf's ghost (journeyman HONe)
  9123 | D:11     | Noticed PlayerGhostHater's ghost (novice VSAE)
  9141 | D:11     | Found a staircase to the Orcish Mines.
  9236 | D:11     | HP: 4/105 [meliai/+0 hand axe (10)]
  9237 | D:11     | Killed from afar by a meliai

Illustrated notes

Levels and vault maps discovered:
D:1:      nicolae_arrival_somewhat_less_tricky_arrival, layout_basic,
          serial_shops, nicolae_shop_hallway_plus,
          hellmonk_ecumenical_altar_zigzags
D:2:      layout_basic
D:3:      minmay_chambers_of_twos, layout_basic,
          nicolae_concentric_dashed_squares_mild, uniq_sigmund
D:4:      layout_rooms, mainiacjoe_overflow_alcove_4,
          mainiacjoe_overflow_brackets, trog_ov_bears_minmay,
          cheibriados_altar_1, grunt_gozag_statues, kennysheep_generic_room_8,
          uniq_blork_the_orc, uniq_edmund
D:5:      layout_basic, overflow_temple_1_default, mainiacjoe_overflow_alcove_2,
          nicolae_overflow_crystal_walls, minmay_temple_entry_statues_pillars,
          chequers_serial_rivers_micro_e
D:6:      layout_rooms, marbit_many_paths, mainiacjoe_overflow_divided_tiny
D:7:      layout_loops_ring, nzn_wu_jian_council_hall, serial_shops, shop,
          serial_bayou, serial_bayou_ford_a, serial_bayou_shore_a,
          serial_bayou_pond_e, serial_bayou_pond_b
D:8:      layout_layer_cave, serial_shops, shop, st_stairs_5, roderic_lattice_a
D:9:      layout_rooms, nicolae_uskayaw_en_pointe,
          mainiacjoe_overflow_surrounded_room, uniq_pikel
D:10:     layout_layer_cave, mainiacjoe_overflow_catwalk, lair_entry_dummy,
          enter_bailey_3, minivault_14, grunt_decor_junction, uniq_snorg
D:11:     layout_basic, hiddenorc1_lemuel, gammafunk_ghost_cemetery,
          uniq_josephine
Temple:   nicolae_temple_little_seven

Skill      XL: |  1  2  3  4  5  6  7  8  9 10 11 |
---------------+----------------------------------+-----
Unarmed Combat | 1 2 3 4 5 6 8 10 12 14 16 | 16.7
Dodging        | 2 3 4 5 |  5.6
Fighting       | 1 2 3 |  3.0
Invocations    | 1 3 4 5 |  5.5
Stealth        | |  1.4
Spellcasting   | |  1.2
Necromancy     | |  3.2
Evocations     | |  0.1

Action                     |  1- 3 |  4- 6 |  7- 9 | 10-12 || total
---------------------------+-------+-------+-------+-------++-------
  Melee: Unarmed           |   109 |   103 |   223 |   400 ||   835
         Punch             |       |     5 |       |       ||     5
 Invoke: Recite            |       |       |       |     3 ||     3
         Vitalisation      |       |       |       |     1 ||     1
  Evoke: Wand              |       |       |       |     3 ||     3
    Use: Scroll            |       |       |     5 |    10 ||    15
         Potion            |       |       |       |     3 ||     3
   Stab: Sleeping          |     4 |       |       |       ||     4
         Confused          |       |       |       |     1 ||     1
 Armour: Robe              |    67 |    65 |   224 |   338 ||   694
  Dodge: Dodged            |    41 |    46 |   129 |   200 ||   416

Table legend: (Time is in decaauts)
 A = Elapsed time spent in this place.
 B = Non-inter-level travel time spent in this place.
 C = Inter-level travel time spent in this place.
 D = Time resting spent in this place.
 E = Time spent auto-exploring this place.
 F = Levels seen in this place.
 G = Mean time per level.
                   A        B        C        D        E       F      G
               +--------+--------+--------+--------+--------+-----+--------+
         Total |   9099 |   8853 |    246 |   1021 |   5463 |  13 |  699.9 |
       Dungeon |   8435 |   8196 |    239 |    745 |   5379 |  11 |  766.8 |
        Temple |     16 |      9 |      7 |      0 |      0 |   1 |   16.0 |
        Bailey |    646 |    646 |      0 |    276 |     84 |   1 |  646.0 |
               +--------+--------+--------+--------+--------+-----+--------+

Top non-repeatable levels by time:
     D:7: 1020 daAuts
    D:10: 1008 daAuts
     D:3: 881 daAuts
     D:1: 784 daAuts
     D:8: 775 daAuts
     D:4: 709 daAuts
     D:2: 688 daAuts
    D:11: 682 daAuts
     D:5: 676 daAuts
     D:9: 668 daAuts
  Bailey: 646 daAuts
     D:6: 539 daAuts
  Temple: 16 daAuts
